 Dungeon Crawl Stone Soup version 0.28-a0-883-gc8d7bad45d (webtiles) character file.

Game seed: 11380147745946725195

3378 freelancePsychic the Carver (level 10, -2/144 HPs)
             Began as a Naga Berserker on Nov 21, 2021.
             Was a Priest of Trog.
             Slain by a centaur warrior (3 damage)
             ... on level 8 of the Dungeon.
             The game lasted 00:20:32 (10823 turns).

freelancePsychic the Carver (Naga Berserker)       Turns: 10823, Time: 00:20:33

Health: -2/144     AC:  8    Str: 21    XL:     10   Next: 3%
Magic:  10/10      EV:  4    Int:  7    God:    Trog [***...]
Gold:   269        SH:  9    Dex: 13    Spells: 9/9 levels left

rFire   . . .      SeeInvis +   i - +1 long sword
rCold   + + .      Faith    .   q - +0 kite shield
rNeg    . . .      Spirit   .   A - +1 chain mail {rPois}
rPois   +          Reflect  .   (no helmet)
rElec   .          Harm     .   (no cloak)
rCorr   .          Rampage  .   (no gloves)
Will    +....                   (no barding)
Stlth   ..........              D - amulet of Jealousy {Acrobat rC+}
HPRegen 0.34/turn               C - ring of protection from cold
MPRegen 0.12/turn               (no ring)

@: berserking, quick
A: AC +3, large, see invisible, deformed body, poison resistance, slowness 2,
spit poison 1, naga tail 1
a: Spit Poison, Renounce Religion, Berserk, Trog's Hand


You were on level 8 of the Dungeon.
You worshipped Trog.
Trog was most pleased with you.
You visited 1 branch of the dungeon, and saw 8 of its levels.

You collected 431 gold pieces.
You spent 162 gold pieces at shops.

Inventory:

Hand Weapons
 i - a +1 long sword (weapon)
Missiles
 k - 8 poisoned darts
Armour
 h - a +1 ring mail
 q - a +0 kite shield (worn)
 A - a +1 chain mail of poison resistance (worn)
Jewellery
 y - a ring of positive energy
 C - a ring of protection from cold (left hand)
 D - the amulet of Jealousy (around neck) {Acrobat rC+}
   (You found it on level 7 of the Dungeon)

   [amulet of the acrobat]

   It increases your evasion while moving and waiting.
   rC:        It protects you from cold.
Wands
 u - a wand of flame (11)
 x - a wand of iceblast (20)
 F - a wand of polymorph (9)
Scrolls
 b - a scroll of immolation {unknown}
 d - a scroll of enchant armour
 f - 2 scrolls of torment
 j - a scroll of teleportation {@r4}
 m - a scroll of summoning
 p - a scroll of magic mapping {unknown}
 s - a scroll of fog
 v - a scroll of acquirement {unknown}
 E - a scroll of enchant weapon
Potions
 a - 4 potions of cancellation {unknown}
 c - a potion of lignification {unknown}
 e - a potion of flight {unknown}
 g - a potion of resistance {unknown}
 l - 4 potions of degeneration {unknown}
 o - 2 potions of magic {unknown}
 r - 2 potions of might {unknown}
 t - 4 potions of heal wounds {unknown}
 z - a potion of haste {unknown}
 B - a potion of ambrosia {unknown}


   Skills:
 + Level 7.8 Fighting
 * Level 10.6 Long Blades
 - Level 1.5 Armour
 - Level 1.5 Dodging
 + Level 5.0 Shields


You had 9 spell levels left.
You didn't know any spells.
Your spell library was empty.

Dungeon Overview and Level Annotations

Branches:
Dungeon (8/15)             Temple (0/1) D:4
   Lair: D:8-11

Altars:
Fedhas
Qazlal
Ru
Trog
Uskayaw
Wu Jian
Yredelemnul
Zin
Beogh

Shops:
D:6 *

Annotations:
D:6 2 runed translucent doors, AlleluiaPinecone's ghost, novice HuBe


Innate Abilities, Weirdness & Mutations

Your serpentine skin is tough. (AC +3)
You have supernaturally acute eyesight. (SInv)
Armour fits poorly on your strangely shaped body.
Your system is resistant to poisons. (rPois)
You cover ground very slowly.
You can spit poison.
You have a snake-like lower body.


Message History

You block the centaur warrior's attack. x2
You hit the centaur warrior.
The centaur warrior is moderately wounded.
The centaur warrior hits you but does no damage.
The centaur warrior kicks you.
You barely miss the centaur warrior.
The centaur warrior is moderately wounded.
The centaur warrior hits you!
* * * LOW HITPOINT WARNING * * *
You block the centaur warrior's attack. The centaur warrior hits you!
* * * LOW HITPOINT WARNING * * *
The centaur warrior kicks you but does no damage.
You completely miss the centaur warrior.
The centaur warrior is moderately wounded.
The centaur warrior barely misses you. The centaur warrior kicks you.
* * * LOW HITPOINT WARNING * * *
You barely miss the centaur warrior.
The centaur warrior is moderately wounded.
You block the centaur warrior's attack.
The centaur warrior kicks you but does no damage.
The centaur warrior hits you!
* * * LOW HITPOINT WARNING * * *
The centaur warrior kicks you.
* * * LOW HITPOINT WARNING * * *
You hit the centaur warrior.
The centaur warrior is moderately wounded.
The centaur warrior hits you!
* * * LOW HITPOINT WARNING * * *
The centaur warrior kicks you but does no damage.
You barely miss the centaur warrior.
The centaur warrior is moderately wounded.
The centaur warrior hits you.
* * * LOW HITPOINT WARNING * * *
The centaur warrior kicks you but does no damage.
The centaur warrior hits you but does no damage.
You block the centaur warrior's attack.
You slash the centaur warrior!
The centaur warrior is heavily wounded.
You block the centaur warrior's attack. x2; The centaur warrior hits you.
You die...

### #..# ...#
#####..####
##..#....#.## #_
#.<@#........ ..
#[).c.......#
##.#...........#
##...............
#................
.....#.....#.......
..####.............
# #......$......
#..............


You could see a centaur warrior (berserk).

Vanquished Creatures
  Pikel (D:5)
  Sigmund (D:4)
  3 water moccasins
  An ice beast (D:7)
  An orc warrior (D:8)
  5 black bears
  An ogre (D:7)
  3 centaurs
  A lemure (D:5)
  A scorpion (D:5)
  2 wyvern skeletons
  9 killer bees
  3 wights (D:7)
  2 howler monkeys (D:6)
  3 bullfrog zombies (D:5)
  2 hounds
  A gnoll shaman (D:7)
  A jelly (D:6)
  A centaur skeleton (D:7)
  2 orc priests
  An iguana (D:4)
  5 orc wizards
  A hound skeleton (D:5)
  A howler monkey zombie (D:5)
  8 gnolls (D:7)
  8 adders
  2 shadow imps
  2 ufetubi
  2 adder skeletons (D:4)
  3 worms
  27 orcs
  13 bats
  5 endoplasms
  3 giant cockroaches
  4 goblins
  5 hobgoblins
  5 jackals
  5 kobolds
  A quokka (D:3)
  3 ball pythons
  4 rats
152 creatures vanquished.

Vanquished Creatures (others)
  A wizard (D:6)
  A fungus (D:5)
  2 plants (D:5)
4 creatures vanquished.

Grand Total: 156 creatures vanquished

Notes
Turn   | Place    | Note
-------+----------+-------------------------------------------
     0 | D:1      | freelancePsychic the Naga Berserker began the quest for the
                  | Orb.
     0 | D:1      | Reached XP level 1. HP: 21/21 MP: 1/1
   146 | D:1      | Reached XP level 2. HP: 9/28 MP: 2/2
  1601 | D:2      | Reached XP level 3. HP: 32/34 MP: 3/3
  1968 | D:2      | Reached skill level 4 in Long Blades
  2079 | D:2      | Reached ** piety under Trog
  2788 | D:3      | Reached XP level 4. HP: 36/44 MP: 4/4
  2989 | D:3      | Found a faded altar of an unknown god.
  3016 | D:3      | Reached skill level 5 in Long Blades
  3016 | D:3      | Reached XP level 5. HP: 50/50 MP: 5/5
  3219 | D:3      | Noticed a black bear
  3232 | D:3      | Killed a black bear
  3233 | D:3      | Reached XP level 6. HP: 32/58 MP: 6/6
  3731 | D:4      | Noticed Sigmund
  3799 | D:4      | Found a staircase to the Ecumenical Temple.
  3832 | D:4      | Killed Sigmund
  3833 | D:4      | Reached skill level 6 in Long Blades
  3833 | D:4      | Reached skill level 1 in Shields
  3989 | D:4      | Reached XP level 7. HP: 48/66 MP: 7/7
  4149 | D:4      | Found an ornate altar of the Wu Jian Council.
  4181 | D:4      | Found a hide-covered altar of Uskayaw.
  4615 | D:5      | Entered Level 5 of the Dungeon
  4667 | D:5      | Reached skill level 5 in Fighting
  4733 | D:5      | Found a glowing silver altar of Zin.
  4733 | D:5      | Found a sacrificial altar of Ru.
  4870 | D:5      | Reached skill level 7 in Long Blades
  4916 | D:5      | Identified the +4 dagger "Tekkicwo" {vorpal, Fly rCorr
                  | Str+2 Int-3}
  5224 | D:5      | Reached XP level 8. HP: 52/75 MP: 8/8
  5549 | D:5      | Found a stormy altar of Qazlal.
  5564 | D:5      | Found a blossoming altar of Fedhas.
  5575 | D:5      | Noticed Pikel
  5595 | D:5      | Killed Pikel
  5596 | D:5      | Reached skill level 8 in Long Blades
  6415 | D:6      | Reached XP level 9. HP: 82/85 MP: 9/9
  6442 | D:6      | Found a large runed translucent door.
  6445 | D:6      | Found a large runed translucent door.
  6445 | D:6      | Noticed AlleluiaPinecone's ghost (novice HuBe)
  6457 | D:6      | Reached skill level 9 in Long Blades
  6553 | D:6      | Found Lexiohiw's Serpentskin Sales.
  6559 | D:6      | Bought a +1 chain mail of poison resistance for 162 gold
                  | pieces
  7191 | D:6      | Found a bloodstained altar of Trog.
  7195 | D:6      | Noticed a wizard
  7200 | D:6      | Killed a wizard
  7291 | D:7      | Identified the amulet of Jealousy {Acrobat rC+}
  7953 | D:7      | Found a basalt altar of Yredelemnul.
  8772 | D:7      | Reached skill level 10 in Long Blades
  9209 | D:8      | Reached *** piety under Trog
  9579 | D:8      | Noticed a deep elf pyromancer
 10125 | D:8      | Reached skill level 5 in Shields
 10125 | D:8      | Reached XP level 10. HP: 54/96 MP: 10/10
 10157 | D:8      | Noticed a centaur warrior
 10821 | D:8      | HP: 3/144 [centaur warrior (8)]
 10822 | D:8      | HP: 1/144 [centaur warrior (2)]
 10823 | D:8      | Slain by a centaur warrior

Illustrated notes

Levels and vault maps discovered:
D:1:      tarquinn_simple_flora_water_f, layout_loops_corners,
          nicolae_concentric_dashed_squares_wild
D:2:      kennysheep_big_flooded_room, layout_loops_cross, st_stairs_2
D:3:      minmay_door_path, layout_rooms,
          dreamdust_ecumenical_altar_angels_and_demons
D:4:      layout_loops_ring, mainiacjoe_overflow_six_doors_small,
          mainiacjoe_overflow_24_doors, minmay_temple_entry_drinking_statues,
          minmay_misc_feat_secret_circle, roderic_st_hans_cross, uniq_sigmund
D:5:      layout_loops_ring, grunt_temple_overflow_forces_of_nature,
          mainiacjoe_overflow_large_starburst, uniq_pikel
D:6:      layout_basic, trog_wizard, ebering_ghost_disaster_area,
          guppyfry_shop_venom
D:7:      layout_basic, mainiacjoe_overflow_alcove_2, serial_corexii_hall,
          chequers_hall_statues_corner_a, chequers_hall_statues_y
D:8:      minmay_bloctagon_deflated, layout_cave_pools,
          grunt_temple_overflow_cloverleaf, dpeg_lair_monsters, special_room
          [special_room_orc], minmay_misc_feat_encased, uniq_erica

Skill      XL: |  1  2  3  4  5  6  7  8  9 |
---------------+----------------------------+-----
Long Blades    | 4 5 6 7 8 10 | 10.6
Fighting       | 4 5 6 7 |  7.8
Shields        | 1 2 3 5 |  5.0
Armour         | |  1.5
Dodging        | |  1.5

Action                   |  1- 3 |  4- 6 |  7- 9 | 10-12 || total
-------------------------+-------+-------+-------+-------++-------
Melee: Falchion          |   100 |       |       |       ||   100
       Long sword        |    33 |    64 |    92 |    15 ||   204
       Dagger            |       |       |   255 |       ||   255
Invok: Berserk           |     1 |     3 |     7 |     1 ||    12
       Trog's Hand       |       |     1 |     2 |       ||     3
 Abil: Spit Poison       |       |     4 |    21 |     3 ||    28
  Use: Scroll            |     3 |       |     5 |     1 ||     9
Armor: Animal skin       |    13 |       |       |       ||    13
       Ring mail         |    36 |    42 |    59 |       ||   137
       Chain mail        |       |       |    95 |    17 ||   112
Dodge: Dodged            |    81 |    38 |   111 |    10 ||   240
Block: Kite shield       |       |       |   178 |    18 ||   196

Table legend: (Time is in decaauts)
 A = Elapsed time spent in this place.
 B = Non-inter-level travel time spent in this place.
 C = Inter-level travel time spent in this place.
 D = Time resting spent in this place.
 E = Time spent auto-exploring this place.
 F = Levels seen in this place.
 G = Mean time per level.
                   A        B        C        D        E       F      G
               +--------+--------+--------+--------+--------+-----+--------+
         Total |  12869 |  12430 |    439 |   2627 |   8419 |   8 | 1608.6 |
       Dungeon |  12869 |  12430 |    439 |   2627 |   8419 |   8 | 1608.6 |
               +--------+--------+--------+--------+--------+-----+--------+

Top non-repeatable levels by time:
     D:7: 3348 daAuts
     D:1: 1971 daAuts
     D:6: 1767 daAuts
     D:5: 1706 daAuts
     D:3: 1367 daAuts
     D:2: 1234 daAuts
     D:4: 1129 daAuts
     D:8: 344 daAuts
